 Dungeon Crawl Stone Soup version 0.21-a0-442-g848f44b (webtiles) character file.

29 slep the Chopper (level 3, -1/26 HPs)
             Began as a Demonspawn Wanderer on Nov 16, 2017.
             Slain by a gnoll
             ... wielding a +0 flail
              (8 damage)
             ... on level 2 of the Dungeon.
             The game lasted 00:02:55 (817 turns).

slep the Chopper (Demonspawn Wanderer)               Turns: 817, Time: 00:02:56

Health: -1/26      AC:  3    Str: 10    XL:     3   Next: 1%
Magic:  6/6        EV: 11    Int: 11    God:
Gold:   42         SH:  0    Dex: 17    Spells: 6/6 levels left

rFire    . . .     SeeInvis .   a - +2 hand axe
rCold    . . .     Gourm    .   (no shield)
rNeg     . . .     Faith    .   d - +0 robe
rPois    .         Spirit   .   (helmet restricted)
rElec    .         Reflect  .   (no cloak)
rCorr    .         Harm     .   i - +0 pair of gloves
MR       .....                  (no boots)
Stlth    ++........             (no amulet)
HPRegen  0.08/turn              (no ring)
MPRegen  0.10/turn              (no ring)

@: no status effects
A: antennae 1
a: no special abilities


You were on level 2 of the Dungeon.
You were not hungry.

You visited 1 branch of the dungeon, and saw 2 of its levels.

You collected 42 gold pieces.

Inventory:

Hand Weapons
 a - a +2 hand axe (weapon)
Armour
 d - a +0 robe (worn)
 i - a +0 pair of gloves (worn)
Scrolls
 c - 2 scrolls of teleportation
 e - 5 scrolls of identify {unknown}
 k - a scroll of fear {unknown}
 l - 3 scrolls of remove curse {unknown}
 m - a scroll of enchant weapon {unknown}
Potions
 b - 3 potions of curing
 g - 2 potions of brilliance {unknown}
 h - a potion of lignification {unknown}
 j - a potion of might {unknown}
Comestibles
 f - 2 bread rations
 n - a royal jelly


   Skills:
 + Level 1.0 Fighting
 + Level 3.4 Axes
 + Level 1.0 Throwing
 + Level 1.0 Armour
 + Level 0.6 Stealth
   Level 1.0 Shields
 + Level 2.3 Spellcasting
   Level 1.1 Necromancy


You had 6 spell levels left.
You didn't know any spells.

Dungeon Overview and Level Annotations

Branches:
Dungeon (2/15)

Altars:


Innate Abilities, Weirdness & Mutations

You have a pair of small antennae on your head.


Message History

The gnoll barely misses you.
You barely miss the gnoll.
The gnoll is lightly wounded.
The gnoll closely misses you.
You closely miss the gnoll.
The gnoll is lightly wounded.
The gnoll closely misses you.
You hit the gnoll.
The gnoll is moderately wounded.
The gnoll hits you with a flail!
* * * LOW HITPOINT WARNING * * *
You barely miss the gnoll.
The gnoll is moderately wounded.
You hit the gnoll.
The gnoll is heavily wounded.
The gnoll barely misses you.
You hit the gnoll.
The gnoll is almost dead.
The gnoll hits you with a flail!
You die...

#....g....##
###.......... .#
#.......##..#### ... #.#
#g.......# #.# #.#
#..#..##.# ### #.# #.#
#.....(..# ..# #.# #.#
#....###.#.##. #.#
#.####.#####((..(().....$
##.#
#.........@g(#.#..#.#.###
...# #.........####(..##
# ...####.####.##.#
#..... ##......# #.##.#
####### ...###### #.##†#
.†.# ..##.# #..# ####.#
#..# #.# ...# #.#


You could see a gnoll.

Vanquished Creatures
  A leopard gecko (D:2)
  2 bats (D:1)
  2 giant cockroaches (D:1)
  3 goblins
  6 hobgoblins (D:1)
  2 jackals (D:2)
  2 frilled lizards (D:1)
  4 kobolds
  4 rats (D:1)
26 creatures vanquished.

Notes
Turn   | Place    | Note
-------+----------+-------------------------------------------
     0 | D:1      | slep the Demonspawn Wanderer began the quest for the Orb.
     0 | D:1      | slep set off with: a +2 hand axe, a potion of curing, a scroll of teleportation, a +0 robe, a bread ration
     0 | D:1      | Reached XP level 1. HP: 15/15 MP: 3/3
   194 | D:1      | Reached skill level 3 in Axes
   194 | D:1      | Gained mutation: You have a pair of small antennae on your head. [demonic ancestry]
   194 | D:1      | Reached XP level 2. HP: 21/21 MP: 5/5
   795 | D:2      | Reached XP level 3. HP: 21/26 MP: 6/6
   817 | D:2      | Slain by a gnoll

Vault maps used:
D:1:      mainiacjoe_arrival_reflecting_pool
D:2:      first_bread

Skill      XL: |  1 |
---------------+----+-----
Axes           | 3 |  3.4
Fighting       | |  1.0
Throwing       | |  1.0
Armour         | |  1.0
Stealth        | |  0.6
Shields        | |  1.0
Spellcasting   | |  2.3
Necromancy     | |  1.1

Action                   || total
-------------------------++-------
Melee: Hand axe          ||    61
 Stab: Sleeping          ||     2
Armor: Robe              ||     7
Dodge: Dodged            ||    44

Table legend:
 A = Spawn XP
 B = Non-spawn XP
 C = Spawn XP percentage of total XP
 D = Spawn monster count
 E = Non-spawn monster count
 F = Spawn count percentage of total count
 G = Total turns spent on level
                    A         B        C        D         E        F      G
               +---------+---------+-------+---------+---------+-------+---------
         Total |       0 |      42 |   0.0 |       0 |      26 |   0.0 |   817
               +---------+---------+-------+---------+---------+-------+---------
           D:1 |       0 |      32 |   0.0 |       0 |      20 |   0.0 |   744
           D:2 |       0 |      10 |   0.0 |       0 |       6 |   0.0 |    73
               +---------+---------+-------+---------+---------+-------+---------
